 Dungeon Crawl Stone Soup version 0.31-a0-523-g071a6c1ffa (webtiles) character file.

Game seed: 246607234667194937

193 arthad the Firebug (level 5, 0/36 HPs)
             Began as a Demonspawn Fire Elementalist on Aug 12, 2023.
             Was a Believer of Vehumet.
             Slain by a +2 spectral club (3 damage)
             ... created by Ijyb
             ... on level 3 of the Dungeon.
             The game lasted 00:08:15 (2801 turns).

arthad the Firebug (Demonspawn Fire Elementalist)   Turns: 2801, Time: 00:08:15

Health: 0/36       AC:  4    Str:  9    XL:     5   Next: 43%
Magic:  2/9        EV: 14    Int: 18    God:    Vehumet [**....]
Gold:   120        SH:  0    Dex: 13    Spells: 6/9 levels left

rFire   + . .        h - +0 dagger (venom)
rCold   x . .        (no shield)
rNeg    . . .        a - +0 robe
rPois   .            r - +0 helmet
rElec   .            (no cloak)
rCorr   .            (no gloves)
SInv    .            j - +0 pair of boots
Will    .....        l - amulet of the acrobat
Stlth   ++           m - ring of fire
HPRegen 0.26/turn    (no ring)
MPRegen 0.11/turn

%: acrobat
@: no status effects
A: claws 1, repulsion field 1, spiny 1
a: Renounce Religion


You were on level 3 of the Dungeon.
You worshipped Vehumet.
Vehumet was pleased with you.
You visited 1 branch of the dungeon, and saw 3 of its levels.

You collected 120 gold pieces.

Inventory:

Hand Weapons
 h - a +0 dagger of venom (weapon)
 p - a +1 dagger of venom
Armour
 a - a +0 robe (worn)
 j - a +0 pair of boots (worn)
 r - a +0 helmet (worn)
Jewellery
 l - an amulet of the acrobat (around neck)
 m - a ring of fire (left claw)
Scrolls
 c - a scroll of teleportation {unknown}
 d - a scroll of blinking {unknown}
 f - 3 scrolls of fear {unknown}
 i - a scroll of vulnerability
 n - a scroll of identify {unknown}
 o - a scroll of torment {unknown}
Potions
 b - a potion of magic
 e - a potion of curing {unknown}
 g - a potion of lignification {unknown}
 k - a potion of haste {unknown}
 q - a potion of degeneration {unknown}
 s - a potion of enlightenment {unknown}


   Skills:
 + Level 0.7 Fighting
 + Level 2.5 Dodging
 + Level 2.7 Stealth
 * Level 2.8 Spellcasting
 * Level 2.6 Conjurations
 * Level 3.5 Fire Magic


You had 6 spell levels left.
You knew the following spells:

 Your Spells              Type           Power      Damage    Failure   Level
a - Foxfire               Conj/Fire      80%        2x1d8     4%          1
b - Scorch                Fire           44%        2d6       6%          2

Your spell library contained the following spells:

 Spells                   Type           Power      Damage    Failure   Level
 Frozen Ramparts          Ice            4%         1d1       45%         3
 Inner Flame              Hex/Fire       13%        N/A       24%         3
 Volatile Blastmotes      Fire/Tloc      26%        2d12      24%         3
 Poisonous Vapours        Pois/Air       4%         N/A       26%         2
 Mephitic Cloud           Conj/Pois/Air  5%         N/A       34%         3
 Flame Wave               Conj/Fire      20%        2d7       43%         4
 Freezing Cloud           Conj/Ice/Air   2%         6-21      97%         5


Dungeon Overview and Level Annotations

Branches:
Dungeon (3/15)

Altars:
Ashenzari
Fedhas
Hepliaklqana
Vehumet
Wu Jian
Xom

Shops:
D:3 *

Annotations:
D:3 Ijyb


Innate Abilities, Weirdness & Mutations

You have sharp fingernails.
You are surrounded by a mild repulsion field. (EV +2)
You are partially covered in sharp spines.


Message History

You kill the ball python!
Vehumet accepts your kill.
No target in view!
Your foxfire dissipates!
Items here: ( )) [ †.
Things that are here:
a +0 dagger; an orc corpse Ijyb the Twisted Goblin comes into view.
She is wielding a +2 spectral club and carrying a wand of iceblast.
Ijyb shouts!
You feel a surge of power!
You conjure some foxfire!
Ijyb zaps a wand.
The mass of ice explodes!
The iceblast engulfs you!!
You feel a painful chill!
Ouch! That really hurt!
* * * LOW HITPOINT WARNING * * *
The iceblast engulfs your foxfire! The iceblast engulfs your foxfire!!
Casting: Foxfire (safe; 4% risk of failure)
Confirm with . or Enter, or press ? or * to list all spells.
You feel a surge of power!
Flames lash Ijyb.
Ijyb is lightly wounded.
Ijyb's fire resistance burns away.
The foxfire hits Ijyb.
Ijyb is burned terribly!
Ijyb is lightly wounded.
The foxfire hits Ijyb.
Ijyb is burned terribly!
Ijyb is heavily wounded.
Casting: Scorch (safe; 6% risk of failure)
Confirm with . or Enter, or press ? or * to list all spells.
You feel a surge of power!
Flames lash Ijyb.
Ijyb is burned terribly!
Ijyb is heavily wounded.
Ijyb is struck by your spines. Ijyb hits you with a +2 spectral club.
* * * LOW HITPOINT WARNING * * *
The +2 spectral club hits you.
* * * LOW HITPOINT WARNING * * *
A +2 spectral club comes into view.
Okay, then.
Okay, then.
Casting: Scorch (safe; 6% risk of failure)
Confirm with . or Enter, or press ? or * to list all spells.
You feel a surge of power!
Flames lash Ijyb.
Ijyb is burned terribly!
Ijyb is almost dead.
The +2 spectral club hits you.
You die...

######### #.....g@#
#.#####(# #.#.#
#.#.#### #......#
################.##.#
........#......#.##.#
#######.).).........#
#)).#..#.#.####


You could see a +2 spectral club and Ijyb (combustible).

Vanquished Creatures
  An orc priest (D:3)
  Terence (D:2)
  An orc wizard (D:3)
  Robin (D:3)
  An adder (D:3)
  A gnoll (D:1)
  A worm (D:3)
  6 orcs (D:3)
  6 ball pythons
  5 endoplasms
  3 giant cockroaches
  12 goblins
  6 hobgoblins
  6 jackals
  3 quokkas
  7 bats
  6 frilled lizards
  4 kobolds
  2 rats (D:2)
73 creatures vanquished.

Vanquished Creatures (others)
  200 foxfires
200 creatures vanquished.

Grand Total: 273 creatures vanquished

Notes
Turn   | Place    | Note
-------+----------+-------------------------------------------
     0 | D:1      | arthad the Demonspawn Fire Elementalist began the quest for
                  | the Orb.
     0 | D:1      | Reached XP level 1. HP: 13/13 MP: 3/3
    33 | D:1      | Found a faded altar of an unknown god.
    43 | D:1      | Prayed at the altar of an unknown god.
    43 | D:1      | Became a worshipper of Vehumet
    43 | D:1      | Reached * piety under Vehumet
    43 | D:1      | Offered knowledge of Magic Dart by Vehumet.
   383 | D:1      | Gained mutation: You are surrounded by a mild repulsion
                  | field. (EV +2) [demonic ancestry]
   383 | D:1      | Reached XP level 2. HP: 12/19 MP: 1/5
   951 | D:2      | Reached XP level 3. HP: 24/24 MP: 6/6
  1090 | D:2      | Offered knowledge of Freeze by Vehumet.
  1147 | D:2      | Reached skill level 3 in Fire Magic
  1172 | D:2      | Reached ** piety under Vehumet
  1271 | D:2      | Found a broken altar of Ashenzari.
  1815 | D:3      | Learned a level 2 spell: Scorch
  1899 | D:3      | Noticed Terence
  1958 | D:2      | Killed Terence
  1959 | D:2      | Gained mutation: You have sharp fingernails. [demonic
                  | ancestry]
  1959 | D:2      | Reached XP level 4. HP: 13/30 MP: 0/7
  2345 | D:3      | Noticed Robin
  2349 | D:3      | Killed Robin
  2354 | D:3      | Found a blossoming altar of Fedhas.
  2442 | D:3      | Found an ornate altar of the Wu Jian Council.
  2443 | D:3      | Found a hazy altar of Hepliaklqana.
  2444 | D:3      | Found a shimmering altar of Xom.
  2573 | D:3      | Offered knowledge of Frozen Ramparts by Vehumet.
  2612 | D:3      | Found Xikkiwus's General Store.
  2691 | D:3      | Gained mutation: You are partially covered in sharp spines.
                  | [demonic ancestry]
  2691 | D:3      | Reached XP level 5. HP: 29/36 MP: 4/9
  2796 | D:3      | Noticed Ijyb
  2801 | D:3      | Slain by a +2 spectral club

Illustrated notes

Levels and vault maps discovered:
D:1:      lightli_arrival_statuegarden, layout_basic,
          shapermc_ecumenical_altar_venn, chequers_serial_rivers_micro_d,
          chequers_serial_rivers_room_a
D:2:      layout_loops_cross, basic_altar
D:3:      layout_basic, mainiacjoe_overflow_cross_hatched,
          mainiacjoe_overflow_alcove_3, serial_shops, nicolae_shop_behind_doors,
          uniq_robin, uniq_terence, uniq_ijyb, uniq_crazy_yiuf_cottage

Skill      XL: |  1  2  3  4 |
---------------+-------------+-----
Dodging        | 2 |  2.5
Stealth        | 2 |  2.7
Fire Magic     | 3 |  3.5
Conjurations   | 2 |  2.6
Fighting       | |  0.7
Spellcasting   | |  2.8

Action                     |  1- 3 |  4- 6 || total
---------------------------+-------+-------++-------
  Melee: Unarmed           |     9 |       ||     9
         Dagger            |     4 |    10 ||    14
   Cast: Foxfire           |    66 |    51 ||   117
         Scorch            |     3 |     6 ||     9
    Use: Scroll            |     1 |       ||     1
 Armour: Robe              |     3 |     5 ||     8
  Dodge: Dodged            |    40 |    20 ||    60

Table legend: (Time is in decaauts)
 A = Elapsed time spent in this place.
 B = Non-inter-level travel time spent in this place.
 C = Inter-level travel time spent in this place.
 D = Time resting spent in this place.
 E = Time spent auto-exploring this place.
 F = Levels seen in this place.
 G = Mean time per level.
                   A        B        C        D        E       F      G
               +--------+--------+--------+--------+--------+-----+--------+
         Total |   2800 |   2737 |     63 |     66 |   2187 |   3 |  933.3 |
       Dungeon |   2800 |   2737 |     63 |     66 |   2187 |   3 |  933.3 |
               +--------+--------+--------+--------+--------+-----+--------+

Top non-repeatable levels by time:
     D:3: 941 daAuts
     D:1: 935 daAuts
     D:2: 924 daAuts
